 Dungeon Crawl Stone Soup version 0.18-a0-1526-gcb34c7c (webtiles) character file.

1867 Duffy the Cleaver (level 8, -6/73 HPs)
             Began as a Minotaur Fighter on Mar 8, 2016.
             Was a Believer of Cheibriados.
             Mangled by Menkaure (18 damage)
             ... on level 5 of the Dungeon.
             The game lasted 00:05:38 (5321 turns).

Duffy the Cleaver (Minotaur Fighter)                Turns: 5321, Time: 00:05:38

Health: -6/73      AC: 21    Str: 31    XL:     8   Next: 90%
Magic:  7/7        EV:  8    Int:  9    God:    Cheibriados [**....]
Gold:   269        SH:  0    Dex: 15    Spells: 0 memorised, 7 levels left

rFire  . . .     SeeInvis .     a - +0 war axe
rCold  . . .     Gourm    .     y - +0 plate armour (curse)
rNeg   . . .     Faith    .     (no shield)
rPois  +         Spirit   .     C - +1 hat
rElec  .         Dismiss  .     u - +1 cloak of Loss {+Blink rPois}
rCorr  .         Reflect  .     i - +2 pair of gloves
SustAt .         Harm     +     m - +0 pair of boots
MR     .....                    K - amulet of harm
Stlth  ..........               (no ring)
                                l - +5 ring of strength

@: very slow, not resistant to hostile enchantments, extremely unstealthy
A: retaliatory headbutt, horns 2
a: Bend Time, Renounce Religion, Evoke Blink


You were on level 5 of the Dungeon.
You worshipped Cheibriados.
Cheibriados was pleased with you.
You were not hungry.

You visited 2 branches of the dungeon, and saw 8 of its levels.

You collected 269 gold pieces.


Innate Abilities, Weirdness & Mutations

You reflexively headbutt those who attack you in melee.
You have a pair of horns on your head.


   Skills:
 + Level 7.5 Fighting
 + Level 10.4 Axes
 + Level 7.5 Armour
 - Level 3.6 Shields


You had 7 spell levels left.
You didn't know any spells.

Inventory:

Hand Weapons
 a - a +0 war axe (weapon)
Missiles
 j - 6 javelins (quivered)
 x - 46 poisoned needles
 z - 6 curare-tipped needles
Armour
 b - a +0 scale mail
 c - a +0 shield
 i - a +2 pair of gloves (worn)
 m - a +0 pair of boots (worn)
 u - the +1 cloak of Loss (worn) {+Blink rPois}

   It protects you from poison.
   It lets you blink.
 y - a cursed +0 plate armour (worn)
 C - a +1 hat (worn)
Jewellery
 l - a +5 ring of strength (left hand)
 H - an uncursed ring of ice
 J - a +1 ring of evasion {unknown}
 K - an amulet of harm (around neck)
Wands
 B - a wand of enslavement (12/24)
Scrolls
 e - 4 scrolls of enchant armour {unknown}
 n - 3 scrolls of remove curse {unknown}
 o - 6 scrolls of teleportation {unknown}
 s - 2 scrolls of recharging {unknown}
 v - 2 scrolls of identify {unknown}
 A - 2 scrolls of amnesia {unknown}
 E - 2 scrolls of blinking {unknown}
 F - a scroll of random uselessness {unknown}
 G - 4 scrolls of enchant weapon {unknown}
Potions
 d - 3 potions of might
 h - a potion of invisibility {unknown}
 k - 3 potions of heal wounds {unknown}
 q - a potion of curing {unknown}
 r - a potion of brilliance {unknown}
 t - a potion of mutation {unknown}
 D - a potion of flight {unknown}
 L - a potion of degeneration {unknown}
Comestibles
 f - 4 bread rations
 g - 2 meat rations
 p - 2 royal jellies
 w - 11 fruits
 I - a chunk of flesh

Dungeon Overview and Level Annotations

Branches:
Dungeon (7/15)             Temple (1/1) D:6

Altars:
Ashenzari
Cheibriados
Dithmenos
Elyvilon
Fedhas
Gozag
Kikubaaqudgha
Makhleb
Nemelex Xobeh
Okawaru
Pakellas
Qazlal
Sif Muna
Vehumet
Xom
Yredelemnul
Zin
The Shining One

Shops:
D:5 :

Annotations:
D:5 Eustachio, Menkaure


Message History

You are too injured to fight recklessly!
You are too injured to fight recklessly!
You are too injured to fight recklessly!
You are too injured to fight recklessly!
You are too injured to fight recklessly!
You are too injured to fight recklessly!
You are too injured to fight recklessly!
You are too injured to fight recklessly!
You are too injured to fight recklessly!
You are too injured to fight recklessly!
You are too injured to fight recklessly!
You are too injured to fight recklessly!
You are too injured to fight recklessly!
You are too injured to fight recklessly!
You are too injured to fight recklessly!
You are too injured to fight recklessly!
You are too injured to fight recklessly!
You are too injured to fight recklessly!
You are too injured to fight recklessly!
You are too injured to fight recklessly!
You slash the bat!
You kill the bat!
The bat's corpse disappears in a puff of smoke!
Eustachio gestures wildly while chanting.
Eustachio gestures wildly while chanting.
Menkaure points at you and mumbles some strange words.
You struggle to resist.
The bat hits you but does no damage. The bat closely misses you.
Menkaure calls on the powers of darkness!
Your body is wracked with pain!
The iron imp puffs mist at you. The bat barely misses you.
Eustachio mumbles some strange words.
Menkaure hits you!
You die...

# #.# #.# #.# #.#
########.#
#........#
###.#.####.#### ##
#.............# #<
#.~......~b@..# ##
#......5~~~~M.#
#..~#00.#0~....#
#..0~~~b~#0....#
#~~0#~5@~~~......
#~~0#05r~~.....###
#.. #000~#.0...#
0##~~...#


You could see Eustachio, Menkaure, an iron imp, a river rat, a white imp, a
shadow imp and 2 bats.

Action                   |  1- 3 |  4- 6 |  7- 9 || total
-------------------------+-------+-------+-------++-------
Melee: War axe           |    35 |    55 |   155 ||   245
  Eat: Chunk             |       |     2 |    10 ||    12

Notes
Turn   | Place    | Note
--------------------------------------------------------------
     0 | D:1      | Duffy the Minotaur Fighter began the quest for the Orb.
     0 | D:1      | Reached XP level 1. HP: 19/19 MP: 0/0
    99 | D:2      | Found a sparkling altar of Nemelex Xobeh.
   110 | D:2      | Reached skill level 3 in Axes
   142 | D:2      | Reached XP level 2. HP: 23/26 MP: 1/1
   382 | D:3      | Reached skill level 4 in Axes
   382 | D:3      | Reached XP level 3. HP: 31/31 MP: 2/2
   529 | D:4      | Reached skill level 5 in Axes
   540 | D:4      | Reached XP level 4. HP: 33/39 MP: 3/3
   619 | D:4      | Reached skill level 6 in Axes
   619 | D:4      | Reached XP level 5. HP: 31/45 MP: 4/4
   843 | D:4      | Reached skill level 7 in Axes
   860 | D:5      | Entered Level 5 of the Dungeon
   910 | D:4      | Found an oddly glowing altar of Pakellas.
   933 | D:4      | Noticed a phantom
   962 | D:4      | Killed a phantom
   962 | D:4      | Reached XP level 6. HP: 34/51 MP: 5/5
  1188 | D:5      | Reached skill level 8 in Axes
  1313 | D:5      | Found a shattered altar of Ashenzari.
  1379 | D:5      | Noticed a sky beast
  1389 | D:5      | Killed a sky beast
  1389 | D:5      | Reached skill level 4 in Fighting
  1389 | D:5      | Reached skill level 4 in Armour
  1446 | D:5      | Noticed Grinder
  1446 | D:5      | Paralysed by Grinder for 4 turns
  1451 | D:5      | Paralysed by Grinder for 3 turns
  1461 | D:5      | Killed Grinder
  1461 | D:5      | Reached XP level 7. HP: 32/60 MP: 6/6
  1755 | D:5      | Got a fine cloak
  1761 | D:5      | Identified the +1 cloak of Loss {+Blink rPois} (You found it on level 5 of the Dungeon)
  1777 | D:5      | Found Obeff's Book Shop.
  1847 | D:5      | Reached skill level 9 in Axes
  1860 | D:4      | Reached skill level 5 in Fighting
  1922 | D:4      | Reached skill level 5 in Armour
  1950 | D:4      | Found a glowing silver altar of Zin.
  2299 | D:6      | Found a blossoming altar of Fedhas.
  2625 | D:6      | Found a staircase to the Ecumenical Temple.
  2660 | Temple   | Entered the Ecumenical Temple
  2886 | D:6      | Found a glowing golden altar of the Shining One.
  3030 | D:7      | Reached XP level 8. HP: 70/70 MP: 7/7
  3128 | D:7      | Found a snail-covered altar of Cheibriados.
  3130 | D:7      | Noticed Prince Ribbit
  3137 | D:7      | Reached skill level 6 in Fighting
  3137 | D:7      | Reached skill level 6 in Armour
  3147 | D:7      | Killed Prince Ribbit
  3154 | D:7      | Became a worshipper of Cheibriados the Contemplative
  4017 | D:1      | Reached * piety under Cheibriados
  4119 | D:2      | Found a shadowy altar of Dithmenos.
  4203 | D:2      | Found a deep blue altar of Sif Muna.
  4493 | D:3      | Found an opulent altar of Gozag.
  4667 | D:3      | Found a basalt altar of Yredelemnul.
  4676 | D:3      | Reached skill level 10 in Axes
  4909 | D:4      | Found a burning altar of Makhleb.
  4909 | D:4      | Noticed Sigmund
  4914 | D:4      | Killed Sigmund
  4914 | D:4      | Reached skill level 7 in Fighting
  4914 | D:4      | Reached skill level 7 in Armour
  5019 | D:4      | Reached ** piety under Cheibriados
  5295 | D:5      | Found a stormy altar of Qazlal.
  5295 | D:5      | Noticed Eustachio
  5295 | D:5      | Noticed nublet's ghost (novice DENe)
  5302 | D:5      | Killed nublet's ghost
  5310 | D:5      | Noticed Menkaure
  5321 | D:5      | Mangled by Menkaure

Vault maps used:
D:1:      noname_arrival_rooms_in_the_neighbourhood, hangedman_decor_opposing
D:2:      nemelex_deck, grunt_dithmenos_smoke, lemuel_doored_altar
D:3:      old_standard_altar, grunt_gozag_statues, serial_undead,
          serial_undead_a, serial_undead_e, serial_undead_d, serial_undead_d,
          first_bread
D:4:      old_standard_altar, grunt_pakellas_sulfur, abandoned_shop,
          bloody_makhleb, uniq_sigmund
D:5:      ashenzari_altar_1, nicolae_qazlal_general_emergency, serial_shops,
          shop, uniq_eustachio, uniq_menkaure, uniq_grinder
D:6:      nicolae_overflow_hidden_temple, lemuel_round_altar,
          nicolae_tso_swordbearing_angel, minmay_temple_entry_statues_pillars
D:7:      kennysheep_seaside_town, nicolae_overflow_crystal_walls, serial_shops,
          shop, uniq_prince_ribbit1, uniq_pikel
Temple:   hc_temple_tempest_star_small

Vanquished Creatures
  The ghost of nublet the Reanimator, a novice DENe Grinder Prince Ribbit Sigmund
  A phantom
  A sky beast
  An ogre
  2 centaurs
  A big kobold
  A scorpion
  A crimson imp
  A hound
  An orc wizard
  A centaur skeleton
  4 iguanas
  A worker ant
  A hound skeleton
  2 worker ant zombies
  6 gnolls
  A howler monkey skeleton
  9 adders
  A shadow imp
  An ooze
  3 adder skeletons
  2 worms
  4 dart slugs
  4 giant geckos
  9 orcs
  2 ball pythons
  10 bats
  2 giant cockroaches
  5 goblins
  2 hobgoblins
  6 jackals
  9 kobolds
  3 quokkas
  A giant cockroach zombie
  5 giant newts
  A quokka skeleton
  5 rats
114 creatures vanquished.
